 Dungeon Crawl Stone Soup version 0.24.0-13-gcf9b319 (webtiles) character file.

Game seed: 8503863411176606827, levelgen mode: deterministic

41 Bronimir the Stinger (level 3, -8/28 HPs)
             Began as a Naga Venom Mage on Mar 26, 2020.
             Mangled by Sigmund
             ... wielding a +0 scythe
              (12 damage)
             ... on level 2 of the Dungeon.
             The game lasted 00:03:00 (1681 turns).

Bronimir the Stinger (Naga Venom Mage)              Turns: 1681, Time: 00:03:00

Health: -8/28      AC:  3    Str: 10    XL:     3   Next: 52%
Magic:  3/6        EV:  9    Int: 16    God:
Gold:   73         SH:  0    Dex: 11    Spells: 5/6 levels left

rFire    . . .     SeeInvis +   a - +0 spear
rCold    . . .     Gourm    .   (no shield)
rNeg     . . .     Faith    .   h - +0 leather armour
rPois    +         Spirit   .   (no helmet)
rElec    .         Reflect  .   (no cloak)
rCorr    .         Harm     .   j - +0 pair of gloves (curse)
MR       .....                  (no barding)
Stlth    ++........             (no amulet)
HPRegen  0.09/turn              o - ring of flight
MPRegen  0.10/turn              (no ring)

@: short of breath, very slow
A: large, see invisible, deformed body, poison resistance, slowness 2, slow
metabolism 1, spit poison 1, AC +1
a: Spit Poison, Evoke Flight


You were on level 2 of the Dungeon.
You were not hungry.

You visited 1 branch of the dungeon, and saw 2 of its levels.

You collected 73 gold pieces.

Inventory:

Hand Weapons
 a - a +0 spear (weapon)
 e - a +0 club
 t - a +0 whip
Missiles
 b - 78 stones
 k - 14 sling bullets
 q - 42 arrows
 v - 10 poisoned darts (quivered)
Armour
 h - a +0 leather armour (worn)
 j - a cursed +0 pair of gloves (worn)
 p - a +0 robe
Jewellery
 o - a ring of flight (left hand)
Scrolls
 d - a scroll of remove curse {unknown}
 f - 2 scrolls of identify {unknown}
 g - 2 scrolls of blinking {unknown}
 n - a scroll of amnesia {unknown}
 s - a scroll of immolation {unknown}
Potions
 i - 2 potions of haste {unknown}
 l - a potion of cancellation {unknown}
 m - 2 potions of might {unknown}
 u - a potion of ambrosia {unknown}
 w - a potion of heal wounds {unknown}
Comestibles
 c - 6 rations


   Skills:
 + Level 0.3 Fighting
 + Level 0.1 Polearms
 * Level 0.8 Armour
 + Level 2.1 Dodging
 - Level 3.1 Stealth
 + Level 2.1 Spellcasting
 * Level 1.1 Conjurations
 * Level 4.6 Poison Magic


You had 5 spell levels left.
You knew the following spells:

 Your Spells              Type           Power        Failure   Level  Hunger
a - Sting                 Conj/Pois      ##..         9%          1    #......

Your spell library contained the following spells:

 Spells                   Type           Power        Failure   Level  Hunger
 Poisonous Vapours        Pois/Air       #.....       17%         2    ###....
 Mephitic Cloud           Conj/Pois/Air  #.......     36%         3    ###....
 Olgreb's Toxic Radiance  Pois           ###.....     38%         4    #####..
 Venom Bolt               Conj/Pois      ##........   94%         5    ######.


Dungeon Overview and Level Annotations

Branches:
Dungeon (2/15)

Altars:

Annotations:
D:2 Sigmund


Innate Abilities, Weirdness & Mutations

You cannot wear boots.
Your serpentine skin is tough. (AC +1)
You have supernaturally acute eyesight. (SInv)
Armour fits poorly on your strangely shaped body.
Your system is resistant to poisons. (rPois)
You cover ground very slowly.
You have a slow metabolism.
You can spit poison.


Message History

Attack whom?
Press: ? - help, Dir - move target cursor, f/p - Sigmund
Aim: Sigmund, wielding a +0 scythe and wearing a +0 robe (severely wounded, poisoned, slightly transparent)
You reach to attack!
You hit Sigmund.
Sigmund is almost dead.
You kill the hobgoblin!
Sigmund barely misses you.
Press: ? - help, Shift-Dir - straight line, f/p - Sigmund
Aim: Sigmund, wielding a +0 scythe and wearing a +0 robe (almost dead, poisoned, slightly transparent)
The splash of poison misses Sigmund.
You feel slightly more hungry.
Casting: Sting (safe; 9% risk of failure)
Confirm with . or Enter, or press ? or * to list all spells.
Aiming: Sting (safe; 9% risk of failure)
Press: ? - help, Shift-Dir - straight line, f/p - Sigmund
Aim: Sigmund, wielding a +0 scythe and wearing a +0 robe (almost dead, poisoned, slightly transparent)
The sting hits Sigmund.
Sigmund looks even sicker.
Sigmund is almost dead.
Sigmund whispers, "You'll know eternity soon."
Sigmund hits you from afar with a +0 scythe!
You die...

########......# #
########..........##.############
.......'.........................
########.........................
## #......................### ..
########.......#####.##... ..
...#######.......#.#.##รท.. ..
.......###...........##... ..
.......@.@................ ##
.......###..........###.## .#
###.... #................ .#
#..(. #..........###.## .# #....
###........# #..# ## #..(.
#........###... #..(.
#.........##... #.(..
#########.#.... #.#....


You could see Sigmund (invisible).

Vanquished Creatures
  An adder (D:2)
  An ooze (D:1)
  3 leopard geckos
  3 bats
  A giant cockroach (D:1)
  2 goblins
  5 hobgoblins
  3 frilled lizards
  4 kobolds
  4 rats
27 creatures vanquished.

Notes
Turn   | Place    | Note
-------+----------+-------------------------------------------
     0 | D:1      | Bronimir the Naga Venom Mage began the quest for the Orb.
     0 | D:1      | Reached XP level 1. HP: 15/15 MP: 3/3
    42 | D:1      | Reached XP level 2. HP: 8/22 MP: 0/5
  1044 | D:1      | You fall into a shaft and drop 1 floor!
  1046 | D:2      | Reached XP level 3. HP: 28/28 MP: 6/6
  1667 | D:2      | Noticed Sigmund
  1681 | D:2      | Mangled by Sigmund

Levels and vault maps discovered:
D:1:      dpeg_arrival_rooms_b, layout_loops_ring
D:2:      layout_basic, uniq_jessica, uniq_sigmund

Skill      XL: |  1 |
---------------+----+-----
Dodging        | 2 |  2.1
Fighting       | |  0.3
Polearms       | |  0.1
Armour         | |  0.8
Stealth        | |  3.1
Spellcasting   | |  2.1
Conjurations   | |  1.1
Poison Magic   | |  4.6

Action                   || total
-------------------------++-------
Melee: Club              ||    10
       Spear             ||    39
Throw: Dart              ||    14
 Cast: Sting             ||    32
 Abil: Spit Poison       ||     7
 Stab: Sleeping          ||     4
  Eat: Chunk             ||     2
Armor: Robe              ||     5
       Leather armour    ||    15
Dodge: Dodged            ||    32
